 Dungeon Crawl Stone Soup version 0.29-a0-297-g7659ce593d (webtiles) character file.

Game seed: 11695696245837803877

40 Dabor the Insei (level 3, -4/18 HPs)
             Began as a Vine Stalker Transmuter on Mar 21, 2022.
             Slain by Natasha (8 damage)
             ... on level 2 of the Dungeon.
             The game lasted 00:02:38 (1882 turns).

Dabor the Insei (Vine Stalker Transmuter)           Turns: 1882, Time: 00:02:39

Health: -4/18      AC:  2    Str: 14    XL:     3   Next: 50%
Magic:  0/7        EV: 12    Int: 19    God:
Gold:   179        SH:  0    Dex: 14    Spells: 4/7 levels left

rFire   . . .      SeeInvis .     - Unarmed
rCold   . . .      Faith    .   (no shield)
rNeg    . . .      Spirit   +   a - +0 robe
rPois   .          Reflect  .   (helmet currently unavailable)
rElec   .          Harm     .   (no cloak)
rCorr   .          Rampage  .   (no gloves)
Will    .....                   (boots currently unavailable)
Stlth   +.........              (no amulet)
HPRegen 0.06/turn               f - +6 ring of intelligence
MPRegen 0.10/turn               (no ring)

@: appendages, very slightly contaminated
A: horns 2, talons 2, fangs 2, magic shield, antimagic bite, no potion heal 2
a: End Transformation


You were on level 2 of the Dungeon.
You had temporarily grown beastly horns and talons.
You visited 1 branch of the dungeon, and saw 2 of its levels.

You collected 179 gold pieces.

Inventory:

Armour
 a - a +0 robe (worn)
 l - a +1 chain mail of willpower
Jewellery
 f - a +6 ring of intelligence (left hand)
 j - a ring of ice
Scrolls
 e - 3 scrolls of blinking {unknown}
 g - a scroll of fog {unknown}
 n - a scroll of vulnerability {unknown}
Potions
 b - 2 potions of lignification
 c - 2 potions of degeneration {unknown}
 d - a potion of curing {unknown}
 h - a potion of haste {unknown}
 i - a potion of mutation {unknown}
 k - a potion of attraction {unknown}
 m - a potion of brilliance {unknown}


   Skills:
 + Level 1.4 Fighting
 + Level 1.9 Dodging
 + Level 3.3 Unarmed Combat
 - Level 2.6 Spellcasting
 - Level 2.4 Transmutations


You had 4 spell levels left.
You knew the following spells:

 Your Spells              Type           Power      Damage    Failure   Level
a - Beastly Appendage     Tmut           22%        N/A       6%          1
b - Wereblood             Tmut           11%        N/A       9%          2

Your spell library contained the following spells:

 Spells                   Type           Power      Damage    Failure   Level
 Ensorcelled Hibernation  Hex/Ice        4%         N/A       24%         2
 Sublimation of Blood     Necr           2%         N/A       24%         2
 Spider Form              Tmut/Pois      7%         N/A       28%         3
 Ice Form                 Ice/Tmut       7%         N/A       67%         4
 Anguish                  Hex/Necr       1%         N/A       85%         4
 Summon Ice Beast         Ice/Summ       2%         N/A       85%         4
 Summon Mana Viper        Hex/Summ       2%         N/A       99%         5
 Monstrous Menagerie      Summ           1%         N/A       100%        7
 Summon Hydra             Summ           1%         N/A       100%        7


Dungeon Overview and Level Annotations

Branches:
Dungeon (2/15)

Altars:
Trog

Annotations:
D:1 1 transporter
D:2 Natasha


Innate Abilities, Weirdness & Mutations

You have temporarily grown beastly horns and talons.
You have extremely sharp teeth.
When hurt, damage is shared between your health and your magic reserves.
Your bite disrupts and absorbs the magic of your enemies.
Potions cannot restore your health.


Message History

Natasha stares at you and mumbles some strange words.
You resist with some effort.
Sorry, you're not good enough to have a special ability.
Unknown command.
The goblin attacks as you move away! The goblin barely misses you.
The goblin shouts!
Casting: Beastly Appendage (safe; 6% risk of failure)
Confirm with . or Enter, or press ? or * to list all spells.
You grow a pair of large bovine horns.
Your feet morph into talons.
The goblin closely misses you.
Natasha casts a spell.
Casting: Beastly Appendage (safe; 6% risk of failure)
Confirm with . or Enter, or press ? or * to list all spells.
You miscast Wereblood.
You are very lightly contaminated with residual magic.
Nothing appears to happen.
The goblin misses you.
You hit the goblin.
You kill the goblin!
Casting: Wereblood (safe; 9% risk of failure)
Confirm with . or Enter, or press ? or * to list all spells.
You miscast Wereblood.
Nothing appears to happen.
Natasha casts a spell at you. The magic dart hits you!
Ouch! That really hurt!
You hit Natasha. Your bite misses Natasha.
Natasha is lightly wounded.
Natasha claws you.
* * * LOW HITPOINT WARNING * * *
You hit Natasha. Your bite misses Natasha.
Natasha is moderately wounded.
Natasha closely misses you.
You closely miss Natasha. You claw Natasha, but do no damage. You bite Natasha.
Natasha's magic leaks into the air.
You drain her magic.
You feel invigorated.
Natasha is heavily wounded.
Natasha falters for a moment.
You closely miss Natasha. Your kick misses Natasha.
Your headbutt misses Natasha.
Natasha is heavily wounded.
Natasha claws you!
You die...

# #.# # #.# ## ## #
####.#####.## ..#
###...)...# ..# ...#
........#.# #.#######...#
#.......#<###.#.##......+
................##......#
.##........#.#..##......#
.##.##..........@h5.......
.##.##.##......>##g....###
.##.##.....#.#####..##.#
.##.##.###.#.# #..# ..
.##.##.# #.#.# #..# .. ..
#.#.# ...# # .. #...# #.##
##### .#


You could see Natasha (magic disrupted), a crimson imp (summoned) and a goblin.

Vanquished Creatures
  3 ball pythons
  8 bats
  An endoplasm (D:1)
  2 giant cockroaches
  5 goblins
  4 hobgoblins
  A jackal (D:1)
  5 kobolds
  3 quokkas
  A frilled lizard (D:1)
  4 rats (D:1)
37 creatures vanquished.

Vanquished Creatures (others)
  A fungus (D:2)
  4 toadstools (D:1)
5 creatures vanquished.

Grand Total: 42 creatures vanquished

Notes
Turn   | Place    | Note
-------+----------+-------------------------------------------
     0 | D:1      | Dabor the Vine Stalker Transmuter began the quest for the
                  | Orb.
     0 | D:1      | Reached XP level 1. HP: 9/9 MP: 4/4
    42 | D:1      | Reached skill level 1 in Fighting
   280 | D:1      | Reached XP level 2. HP: 11/14 MP: 4/6
   984 | D:1      | Reached XP level 3. HP: 12/18 MP: 4/7
   996 | D:1      | Learned a level 2 spell: Wereblood
  1692 | D:2      | Found a faded altar of an unknown god.
  1720 | D:2      | Prayed at the altar of an unknown god.
  1720 | D:2      | Became a worshipper of Trog the Wrathful
  1720 | D:2      | Reached * piety under Trog
  1721 | D:2      | Fell from the grace of Trog
  1869 | D:2      | Noticed Natasha
  1882 | D:2      | Slain by Natasha

Illustrated notes

Levels and vault maps discovered:
D:1:      spicycebolla_arrival_teleporter_tutorial, layout_basic,
          kennysheep_nondescript, minmay_gold_behind_fungi, roderic_malta_cross,
          interstate_on_off, nicolae_concentric_dashed_squares_wild,
          st_stairs_4, minmay_tiny_reverse_x
D:2:      layout_basic, shapermc_ecumenical_altar_acropolis,
          minmay_snake_closets, uniq_natasha

Skill      XL: |  1 |
---------------+----+-----
Fighting       | 1 |  1.4
Dodging        | |  1.9
Unarmed Combat | |  3.3
Spellcasting   | |  2.6
Transmutations | |  2.4

Action                   || total
-------------------------++-------
Melee: Unarmed           ||   111
       Bite              ||    22
       Kick              ||    10
       Punch             ||     1
       Headbutt          ||     3
 Cast: Beastly Appendage ||     9
Invok: Renounce Religion ||     1
 Stab: Sleeping          ||     2
Armor: Robe              ||    19
Dodge: Dodged            ||    64

Table legend: (Time is in decaauts)
 A = Elapsed time spent in this place.
 B = Non-inter-level travel time spent in this place.
 C = Inter-level travel time spent in this place.
 D = Time resting spent in this place.
 E = Time spent auto-exploring this place.
 F = Levels seen in this place.
 G = Mean time per level.
                   A        B        C        D        E       F      G
               +--------+--------+--------+--------+--------+-----+--------+
         Total |   1874 |   1842 |     32 |      0 |   1553 |   2 |  937.0 |
       Dungeon |   1874 |   1842 |     32 |      0 |   1553 |   2 |  937.0 |
               +--------+--------+--------+--------+--------+-----+--------+

Top non-repeatable levels by time:
     D:1: 1606 daAuts
     D:2: 268 daAuts
